 Dungeon Sprint DCSS version 0.22.1-1-ga44c0e56f4 (webtiles) character file.

18050 MuseOD the Unseen (level 12, -1/105 HPs)
             Began as a Spriggan Enchanter on Oct 2, 2018.
             Was the Champion of Dithmenos.
             Slain by a sixfirhy (10 damage)
             ... summoned by a deep elf demonologist
             ... in the Dungeon (Sprint III: "The Ten Rune Challenge").
             The game lasted 00:11:33 (3862 turns).

MuseOD the Unseen (Spriggan Enchanter)              Turns: 3862, Time: 00:11:33

Health: -1/105     AC:  5    Str: 11    XL:     12   Next: 24%
Magic:  1/31       EV: 27    Int: 20    God:    Dithmenos [******]
Gold:   4614       SH:  0    Dex: 18    Spells: 18/39 levels left

rFire    + + .     SeeInvis +   r - +1 dagger (drain)
rCold    . . .     Gourm    .   (shield restricted)
rNeg     . . .     Faith    .   t - +0 robe {rPois}
rPois    +         Spirit   .   (helmet restricted)
rElec    .         Reflect  .   c - +0 cloak
rCorr    .         Harm     .   (gloves unavailable)
MR       ++...     NoTele   +   (boots unavailable)
Stlth    ..........             (no amulet)
HPRegen  0.27/turn              (no ring)
MPRegen  0.22/turn              (no ring)

@: berserking (expiring), wreathed by umbra, very quick
A: very small, unfitting armour, thin metallic scales 1, see invisible, fire
resistance 2, herbivore, speed 3, slow metabolism 2, strong 1
a: Shadow Step, Shadow Form, Renounce Religion


You were in the Dungeon.
You worshipped Dithmenos.
Dithmenos was exalted by your worship.
You were not hungry.

You visited 1 branch You collected 4614 gold pieces.

Inventory:

Hand Weapons
 a - a +1 dagger
 r - a +1 dagger of draining (weapon)
Armour
 b - a +0 robe
 c - a +0 cloak (worn)
 t - a +0 robe of poison resistance (worn)
Jewellery
 q - the ring of Sin {*Corrode +Fly rElec rF+, unknown}
   (You took it off a deep elf high priest in the Dungeon)

   [ring of protection from fire]

   It protects you from fire.
   It insulates you from electricity.
   It lets you fly.
   It may corrode you when you take damage.
Scrolls
 j - a scroll of blinking
 k - a scroll of holy word {unknown}
 l - 4 scrolls of remove curse
 o - 2 scrolls of torment
 p - a scroll of identify
 s - 5 scrolls of amnesia {unknown}
Potions
 e - a potion of curing
 f - 2 potions of heal wounds
 g - a potion of haste
 h - 2 potions of magic
 i - a potion of mutation
 m - a potion of experience {unknown}


   Skills:
 + Level 11.0 Fighting
 + Level 17.4 Short Blades
 + Level 10.8 Dodging
 + Level 18.9 Stealth
 + Level 14.3 Spellcasting
 + Level 5.6 Conjurations
 + Level 14.7 Hexes


You had 18 spell levels left.
You knew the following spells:

 Your Spells              Type           Power        Failure   Level  Hunger
a - Corona                Hex            ######.      0%          1    None
b - Ensorcelled Hibernat  Hex/Ice        #####.       1%          2    None
c - Confuse               Hex            ######..     1%          3    None
d - Dazzling Spray        Conj/Hex       ######       1%          3    None
e - Tukima's Dance        Hex            ######..     1%          3    None
f - Mephitic Cloud        Conj/Pois/Air  ###.....     6%          3    None
g - Blink                 Tloc           N/A          7%          2    None
h - Cause Fear            Hex            ######....   1%          4    None

Your spell library contained the following spells:

 Spells                   Type           Power        Failure   Level  Hunger
 Confusing Touch          Hex            ######       0%          1    None
 Slow                     Hex            ######..     0%          2    None
 Magic Dart               Conj           ####         1%          1    None
 Portal Projectile        Hex/Tloc       #####.       1%          3    None
 Summon Guardian Golem    Hex/Summ       #####...     1%          3    None
 Fulminant Prism          Conj/Hex       ######....   1%          4    None
 Animate Skeleton         Necr           N/A          4%          1    None
 Apportation              Tloc           ##....       4%          1    None
 Summon Small Mammal      Summ           ##..         4%          1    None
 Conjure Flame            Conj/Fire      ####....     4%          3    None
 Call Imp                 Summ           ##......     7%          2    None
 Sublimation of Blood     Necr           ##........   7%          2    None


Dungeon Overview and Level Annotations

Branches:
Dungeon (1/1)

Altars:
Dithmenos
Elyvilon
Kikubaaqudgha
Okawaru
Ru
Sif Muna
Trog
Uskayaw
Vehumet
Wu Jian
Yredelemnul
Zin
The Shining One
Beogh

Shops:
D (!:[([?}!?%(=

Annotations:
D exclusion: obsidian statue


Innate Abilities, Weirdness & Mutations

You are very small and have problems with some larger weapons.
You are too small for most types of armour.
You have supernaturally acute eyesight. (SInv)
You are a herbivore.
You cover ground extremely quickly.
You need to consume almost no food.
You are partially covered in thin metallic scales. (AC +2)
Your flesh is very heat resistant. (rF++)
Your muscles are strong. (Str +2)


Message History

The sixfirhy misses you.
Found three items.
Items here: $ ) ? [ a robe; a pitted halberd {flame}; a scroll labeled BOFFEA SUTA; 29 gold pieces You are too berserk!
You closely miss the sixfirhy.
Your shadow hits the sixfirhy but does no damage.
The sixfirhy misses you.
The sixfirhy hits you but does no damage.
The deep elf demonologist gestures wildly while chanting.
The ynoxinul gestures.
You barely miss the hell beast.
Your shadow hits the hell beast but does no damage.
The sixfirhy completely misses you.
You closely miss the sixfirhy.
Your shadow closely misses the sixfirhy.
The sixfirhy barely misses you. The sixfirhy closely misses you.
The hell beast closely misses you. The hell beast barely misses you.
You barely miss the sixfirhy. The sixfirhy hits you!
You die...

▓▓▓▓
##.)################ #
....)'.#...##.§.§§. .}/
...)##(#...##≈§3§##..##
).)#.#.#..8≈≈§e2@3....#
...∩.#8#...##§§3§##..##
.#.###.'...##§5ee*. ..|
)#.# ############### #
#################
.#.#)....#......+
#.##.###.#......#
#.##.#).##......#
.#..##.)'.(.....#


You could see a hell beast, a soul eater, a deep elf demonologist, a deep elf
high priest, a deep elf mage, a sixfirhy, a ynoxinul, a battlesphere and an
ufetubus.

Vanquished Creatures
  Sigmund (D)
  A deep elf blademaster (D)
  Azrael (D)
  2 deep elf annihilators (D)
  3 yaktaur captains (D)
  A deep elf high priest (D)
  Erolcha (D)
  2 deep elf knights (D)
  An orc knight (D)
  3 deep elf magi (D)
  A crystal guardian (D)
  An orc sorcerer (D)
  Edmund (D)
  A yaktaur (D)
  3 orc high priests (D)
  2 redbacks (D)
  A shadow (D)
  3 orc warriors (D)
  A necrophage (D)
  5 two-headed ogres (D)
  A water elemental (D)
  A jelly (D)
  2 orc priests (D)
  2 orc wizards (D)
  A wizard (D)
  A necromancer (D)
  A kobold demonologist (D)
  3 humans (D)
  A wolf (D)
  10 orcs (D)
  4 rats (D)
  A plant (D)
63 creatures vanquished.

Vanquished Creatures (others)
  A deep elf blademaster (D)
  2 draconian scorchers (D)
  Nessos (D)
  A deep elf mage (D)
  A molten gargoyle (D)
  6 hellions (D)
  2 yaktaurs (D)
  4 spriggan defenders (D)
  3 hornets (D)
  3 ball lightnings (D)
  5 ballistomycetes (D)
  5 ballistomycete spores (D)
  31 plants (D)
65 creatures vanquished.

Grand Total: 128 creatures vanquished

Notes
Turn   | Place    | Note
-------+----------+-------------------------------------------
     0 | D        | MuseOD the Spriggan Enchanter began the quest for the Orb.
     0 | D        | Reached XP level 1. HP: 9/9 MP: 5/5
   107 | D        | Killed a hellion
   108 | D        | Killed a hellion
   108 | D        | Killed a hellion
   119 | D        | Killed a hellion
   141 | D        | Noticed a wolf
   142 | D        | Reached skill level 1 in Fighting
   142 | D        | Reached skill level 6 in Stealth
   142 | D        | Reached XP level 2. HP: 7/15 MP: 6/6
   153 | D        | Learned a level 2 spell: Ensorcelled Hibernation
   160 | D        | Killed a white draconian scorcher
   160 | D        | Killed a hellion
   167 | D        | Killed a yaktaur
   248 | D        | Killed a hellion
   254 | D        | Killed a white draconian scorcher
   482 | D        | Reached XP level 3. HP: 18/18 MP: 2/8
   487 | D        | Learned a level 3 spell: Confuse
   544 | D        | Noticed a water elemental
   547 | D        | Killed a water elemental
   547 | D        | Reached skill level 8 in Stealth
   547 | D        | Reached XP level 4. HP: 24/24 MP: 9/9
   555 | D        | Found a basalt altar of Yredelemnul.
   555 | D        | Found a shadowy altar of Dithmenos.
   555 | D        | Found a sacrificial altar of Ru.
   555 | D        | Noticed a necrophage
   568 | D        | Killed a necrophage
   568 | D        | Reached skill level 9 in Stealth
   568 | D        | Reached skill level 5 in Hexes
   568 | D        | Reached XP level 5. HP: 25/28 MP: 0/12
   594 | D        | Became a worshipper of Dithmenos the Shadowed
   682 | D        | Found a glowing silver altar of Zin.
   682 | D        | Found a glowing golden altar of the Shining One.
   682 | D        | Found a white marble altar of Elyvilon.
   682 | D        | Noticed a deep elf mage
   689 | D        | Killed a deep elf mage
   689 | D        | Reached skill level 5 in Fighting
   689 | D        | Reached skill level 10 in Short Blades
   689 | D        | Reached skill level 11 in Stealth
   689 | D        | Reached XP level 6. HP: 34/34 MP: 9/16
   689 | D        | Reached XP level 7. HP: 38/38 MP: 10/18
   840 | D        | Learned a level 3 spell: Dazzling Spray
   846 | D        | Found a radiant altar of Vehumet.
   847 | D        | Found a deep blue altar of Sif Muna.
   847 | D        | Found an ancient bone altar of Kikubaaqudgha.
   853 | D        | Noticed a soul eater
   874 | D        | Reached * piety under Dithmenos
   928 | D        | Learned a level 3 spell: Tukima's Dance
   932 | D        | Learned a level 3 spell: Mephitic Cloud
   935 | D        | Learned a level 2 spell: Blink
   936 | D        | Found a hide-covered altar of Uskayaw.
   936 | D        | Found a roughly hewn altar of Beogh.
   936 | D        | Found an iron altar of Okawaru.
   936 | D        | Found a bloodstained altar of Trog.
   936 | D        | Found an ornate altar of the Wu Jian Council.
   936 | D        | Noticed a human
   936 | D        | Noticed a human
   955 | D        | Killed a human
   965 | D        | Killed a human
   965 | D        | Reached skill level 12 in Stealth
  1054 | D        | Noticed a shadow
  1056 | D        | Killed a shadow
  1056 | D        | Reached ** piety under Dithmenos
  1056 | D        | Reached XP level 8. HP: 43/43 MP: 21/21
  1097 | D        | Reached *** piety under Dithmenos
  1297 | D        | Noticed a two-headed ogre
  1310 | D        | Killed a two-headed ogre
  1310 | D        | Reached skill level 13 in Stealth
  1318 | D        | Noticed Erolcha
  1319 | D        | Noticed a two-headed ogre
  1321 | D        | Killed Erolcha
  1321 | D        | Reached skill level 10 in Hexes
  1321 | D        | Reached XP level 9. HP: 49/49 MP: 20/23
  1322 | D        | Killed a two-headed ogre
  1322 | D        | Reached skill level 14 in Stealth
  1345 | D        | Reached **** piety under Dithmenos
  1345 | D        | Reached skill level 10 in Spellcasting
  1449 | D        | Noticed Sigmund
  1450 | D        | Noticed Edmund
  1451 | D        | Killed Sigmund
  1451 | D        | Reached skill level 15 in Short Blades
  1451 | D        | Reached skill level 16 in Stealth
  1451 | D        | Reached XP level 10. HP: 52/57 MP: 20/26
  1452 | D        | Killed Edmund
  1487 | D        | Reached ***** piety under Dithmenos
  1522 | D        | Noticed an obsidian statue
  1535 | D        | Found Fyfe Ucw's Magic Scroll Emporium.
  1535 | D        | Found Fillucwu's Distillery.
  1535 | D        | Found Baurat's Antique Weapon Boutique.
  1535 | D        | Found Sumabol's Jewellery Shoppe.
  1535 | D        | Found Xilim's Antique Armour Boutique.
  1535 | D        | Found Pohubbaomy's Gadget Emporium.
  1535 | D        | Found Duipy's Antique Armour Shoppe.
  1535 | D        | Found Plog's Weapon Shop.
  1535 | D        | Found Tadgh's Book Shop.
  1535 | D        | Found Edur's Food Emporium.
  1535 | D        | Found Caileuxi's Distillery.
  1535 | D        | Found Fabeckaa's Magic Scroll Boutique.
  1590 | D        | Noticed a crystal guardian
  1590 | D        | Noticed a crystal guardian
  1590 | D        | Noticed a crystal guardian
  1590 | D        | Noticed a crystal guardian
  1591 | D        | Killed a crystal guardian
  1591 | D        | Reached skill level 1 in Conjurations
  1785 | D        | Noticed a yaktaur captain
  1785 | D        | Noticed a yaktaur captain
  1786 | D        | Killed a yaktaur captain
  1786 | D        | Reached skill level 5 in Dodging
  1786 | D        | Reached XP level 11. HP: 61/61 MP: 24/28
  2082 | D        | Killed a yaktaur captain
  2082 | D        | Reached skill level 17 in Stealth
  2479 | D        | Gained mutation: Your flesh is heat resistant. (rF+)
                  | [potion of mutation]
  2479 | D        | Gained mutation: You evolve. [potion of mutation]
  2479 | D        | Gained mutation: Your flesh is very heat resistant. (rF++)
                  | [potion of mutation]
  2479 | D        | Gained mutation: Your muscles are strong. (Str +2) [potion
                  | of mutation]
  2484 | D        | Noticed a yaktaur captain
  2491 | D        | Killed a yaktaur captain
  2498 | D        | Noticed Azrael
  2500 | D        | Killed Azrael
  2500 | D        | Reached skill level 10 in Fighting
  2558 | D        | Identified Ompepsem's Volume of Ghastly Curses (You
                  | acquired it in the Dungeon)
  2565 | D        | Learned a level 4 spell: Cause Fear
  2589 | D        | Noticed an orc high priest
  2589 | D        | Noticed an orc knight
  2589 | D        | Noticed an orc sorcerer
  2590 | D        | Found Musuf's Weapon Shop.
  2600 | D        | Reached ****** piety under Dithmenos
  2610 | D        | Killed an orc sorcerer
  2621 | D        | Killed an orc high priest
  2668 | D        | Killed an orc knight
  2919 | D        | Noticed a deep elf knight
  2919 | D        | Noticed a deep elf mage
  2919 | D        | Noticed a deep elf knight
  2919 | D        | Noticed a deep elf mage
  2919 | D        | Noticed a deep elf mage
  2939 | D        | Killed a deep elf knight
  2939 | D        | Reached skill level 18 in Stealth
  2943 | D        | Killed a deep elf mage
  2947 | D        | Killed a deep elf mage
  2951 | D        | Killed a deep elf mage
  2956 | D        | Killed a deep elf knight
  2997 | D        | Noticed a deep elf high priest
  3128 | D        | Killed a deep elf high priest
  3130 | D        | Got a scintillating wooden ring
  3216 | D        | Noticed a deep elf mage
  3219 | D        | Noticed a deep elf demonologist
  3220 | D        | Noticed a soul eater
  3224 | D        | Noticed a sun demon
  3227 | D        | Noticed a hell beast
  3621 | D        | Killed a deep elf blademaster
  3682 | D        | Noticed a deep elf high priest
  3685 | D        | Noticed a deep elf annihilator
  3686 | D        | Noticed a deep elf annihilator
  3688 | D        | Noticed a deep elf blademaster
  3696 | D        | Gained mutation: You are partially covered in thin metallic
                  | scales. (AC +2) [evolution]
  3696 | D        | Lost mutation: You evolve. [end of evolution]
  3771 | D        | Killed Nessos
  3780 | D        | Killed a deep elf blademaster
  3780 | D        | Reached skill level 10 in Dodging
  3780 | D        | Reached skill level 5 in Conjurations
  3780 | D        | Reached XP level 12. HP: 69/69 MP: 23/31
  3785 | D        | Killed a deep elf annihilator
  3853 | D        | Killed a deep elf annihilator
  3860 | D        | Noticed a hell beast
  3862 | D        | Slain by a sixfirhy

Skill      XL: |  1  2  3  4  5  6  7  8  9 10 11 12 |
---------------+-------------------------------------+-----
Short Blades   | 4 6 8 10 11 13 15 16 17 | 17.4
Fighting       | 1 2 3 4 5 6 7 9 10 11 | 11.0
Stealth        | 6 8 9 11 12 13 16 18 | 18.9
Spellcasting   | 4 6 8 9 11 12 14 | 14.3
Hexes          | 5 7 8 10 12 14 | 14.7
Dodging        | 5 10 | 10.8
Conjurations   | 2 5 |  5.6

Action                   |  1- 3 |  4- 6 |  7- 9 | 10-12 || total
-------------------------+-------+-------+-------+-------++-------
Melee: Dagger            |    26 |    13 |    40 |   253 ||   332
 Cast: Ensorcelled Hiber |     3 |       |     6 |     8 ||    17
       Confuse           |       |     4 |     5 |    22 ||    31
       Dazzling Spray    |       |       |     2 |    29 ||    31
       Mephitic Cloud    |       |       |     2 |     3 ||     5
       Cause Fear        |       |       |       |     3 ||     3
Invok: Shadow Step       |       |       |     1 |     3 ||     4
  Use: Potion            |     1 |     1 |       |     4 ||     6
       Scroll            |       |       |       |     2 ||     2
 Stab: Sleeping          |     3 |       |     9 |    13 ||    25
       Confused          |       |     2 |     8 |     6 ||    16
       Invisible         |       |       |     2 |     4 ||     6
  Eat: Ration            |       |       |       |     1 ||     1
Armor: Robe              |     3 |       |     1 |     4 ||     8
Dodge: Dodged            |    18 |     2 |    14 |    51 ||    85
